Map: Ice and Chrome LE

Players

DLCFocesTTV - Winner!

  • Race: Zerg Zerg
  • League: Platinum
  • Spawn Location: 1:00

Pushigoh

  • Race: Zerg Zerg
  • League: Platinum
  • Spawn Location: 7:00

VOD

Have the link to the VOD?

Description

Time

  • Played on: Aug. 25, 2020, 3:38 a.m.
  • Length: 8:12
Show
View Real Time Build Order
Export as new Build Order

DLCFocesTTV Zerg - Winner!

Build Orders: Hatch First 

Get SALT Encoding   

  12  0:00  Drone  
  13  0:13  Overlord  
  13  0:18  Drone  
  14  0:32  Drone x2  
  16  0:49  Hatchery  
  15  0:55  Drone  
  15  0:57  Drone  
  17  1:00  Drone  
  18  1:12  Extractor  
  18  1:15  Spawning Pool  
  18  1:18  Drone  
  17  1:21  Drone  
  18  1:29  Drone  
  19  1:45  Overlord  
  19  2:03  Queen x2  
  19  2:04  Zergling x2  
  19  2:05  Zergling x4  
  26  2:14  Zergling x4  
  28  2:30  Metabolic Boost  
  28  2:32  Zergling x2  
  28  2:33  Zergling x2  
  28  2:44  Roach Warren  
  28  2:46  Drone x2  
  28  2:47  Extractor  
  28  2:48  Drone  
  28  2:49  Drone  
  30  3:02  Drone  
  30  3:03  Drone  
  32  3:07  Drone  
  32  3:08  Drone  
  31  3:41  Roach  
  31  3:42  Roach  
  31  3:44  Overlord x3  
  35  4:01  Drone  
  35  4:02  Drone x6  
  42  4:04  Zergling x2  
  42  4:07  Zergling x2  
  42  4:08  Hatchery  
  43  4:15  Drone  
  43  4:16  Drone x2  
  46  4:19  Roach  
  48  4:31  Roach x3  
  50  4:33  Overlord  
  54  4:45  Roach x3  
  60  4:57  Roach  
  60  4:58  Roach x2  
  66  5:09  Evolution Chamber x2  
  66  5:11  Roach  
  66  5:12  Roach  
  66  5:13  Overlord  
  66  5:14  Overlord x2  
  68  5:28  Overlord  
  68  5:31  Overlord  
  68  5:32  Drone  
  66  5:52  Roach  
  66  5:53  Roach x6  
  71  6:10  Roach x5  
  81  6:14  Lair  
  81  6:30  Roach x5  
  91  6:49  Ravager  
  91  6:50  Ravager  
  94  6:54  Zergling x12  
  94  6:55  Zergling x4  
  101  7:21  Zergling x2  
  101  7:22  Zergling x8  
Show
View Real Time Build Order
Export as new Build Order

Pushigoh Zerg 

Build Orders: Pool First 

Get SALT Encoding   

  12  0:00  Drone  
  13  0:14  Drone  
  14  0:28  Spawning Pool  
  13  0:29  Drone  
  13  0:32  Extractor  
  13  0:36  Drone  
  14  0:49  Overlord  
  14  1:15  Zergling x6  
  17  1:23  Roach Warren  
  16  1:27  Evolution Chamber, Drone  
  16  1:36  Metabolic Boost  
  16  1:41  Drone  
  17  1:54  Drone  
  17  2:00  Drone  
  19  2:09  Extractor, Drone  
  19  2:14  Queen  
  21  2:21  Drone  
  19  2:38  Zerg Ground Armor Level 1  
  19  2:39  Roach  
  21  2:49  Overlord  
  21  3:09  Roach x2  
  25  3:26  Drone x3  
  27  3:28  Roach  
  29  3:48  Overlord  
  29  3:52  Hatchery  
  29  3:55  Roach  
  30  4:07  Roach x3  
  36  4:18  Roach  
  38  4:28  Overlord  
  38  4:46  Roach x2  
  38  4:47  Roach  
  44  5:06  Drone x4  
  48  5:09  Drone  
  49  5:21  Queen  
  49  5:22  Drone  
  49  5:24  Overlord x2  
  52  5:39  Lair  
  38  6:03  Roach x7  
  44  6:08  Zerg Missile Weapons Level 1  
  42  6:13  Drone  
  42  6:16  Zergling x2  
  42  6:17  Zergling x2  
  45  6:26  Zergling x6  
  46  6:41  Zergling x2  
  46  6:42  Zergling x10  
  52  6:48  Ravager  
  52  6:49  Ravager x2  
  52  6:52  Drone  
  56  6:56  Queen  
  58  7:05  Drone  
  55  7:22  Drone  
  55  7:23  Drone  
  50  7:48  Roach  
  50  7:49  Roach x5  
Tags
 
Add a new tag
Caveats
  • Supply blocks, unpowered buildings, or Contaminate may cause inaccurate times.
  • Supply counts are checked every 10 seconds.